 Dungeon Crawl Stone Soup version 0.28-b1-25-g9875b3f (webtiles) character file.

Game seed: 18318660490974630331

28 Host24 the Bolt Thrower (level 3, -3/27 HPs)
             Began as a Human Hunter on Feb 2, 2022.
             Slain by an adder (4 damage)
             ... on level 3 of the Dungeon.
             The game lasted 00:03:07 (2041 turns).

Host24 the Bolt Thrower (Human Hunter)              Turns: 2041, Time: 00:03:07

Health: -3/27      AC:  8    Str: 14    XL:     3   Next: 30%
Magic:  3/3        EV: 12    Int: 11    God:
Gold:   118        SH:  0    Dex: 13    Spells: 2/2 levels left

rFire   . . .      SeeInvis .   b - +0 short sword
rCold   . . .      Faith    .   (no shield)
rNeg    . . .      Spirit   .   c - +0 leather armour
rPois   .          Reflect  .   n - +1 helmet
rElec   .          Harm     .   (no cloak)
rCorr   .          Rampage  .   (no gloves)
Will    .....                   h - +2 pair of boots
Stlth   +.........              (no amulet)
HPRegen 0.09/turn               (no ring)
MPRegen 0.08/turn               (no ring)

@: no status effects
A: no striking features
a: no special abilities


You were on level 3 of the Dungeon.
You visited 1 branch of the dungeon, and saw 3 of its levels.

You collected 118 gold pieces.

Inventory:

Hand Weapons
 a - a +1 hand crossbow
 b - a +0 short sword (weapon)
Missiles
 d - 34 bolts
 e - 94 stones (quivered)
 k - 28 arrows
 l - a throwing net
 m - 12 sling bullets
Armour
 c - a +0 leather armour (worn)
 h - a +2 pair of boots (worn)
 n - a +1 helmet (worn)
Scrolls
 f - a scroll of immolation {unknown}
 g - a scroll of fog {unknown}
 j - a scroll of magic mapping {unknown}
 o - a scroll of fear {unknown}
Potions
 i - a potion of heal wounds {unknown}
 p - 2 potions of curing {unknown}


   Skills:
 + Level 2.0 Fighting
 - Level 5.0 Crossbows
 - Level 2.0 Dodging
 - Level 1.0 Stealth


You had 2 spell levels left.
You didn't know any spells.
Your spell library was empty.

Dungeon Overview and Level Annotations

Branches:
Dungeon (3/15)

Altars:


Message History

You kill the ball python!
You see here a ball python corpse.
You see here a ball python corpse.
An adder comes into view.
You see here a ball python corpse.
The adder hisses angrily.
An adder skeleton comes into view.
The adder bites you but does no damage.
You barely miss the adder. The adder closely misses you. The adder bites you.
You closely miss the adder. The adder bites you.
You barely miss the adder. The adder barely misses you.
The adder completely misses you. The adder bites you but does no damage.
The adder misses you. The adder bites you. The adder closely misses you.
The adder bites you.
You are poisoned.
The adder poisons you!
You feel sick. The adder bites you but does no damage.
You feel sick. The adder misses you.
You feel sick. The adder bites you.
You are more poisoned.
The adder poisons you! The adder bites you but does no damage.
You feel sick. The adder closely misses you.
You feel sick. The adder bites you.
* * * LOW HITPOINT WARNING * * *
You feel sick. The adder bites you but does no damage.
The adder completely misses you.
You feel sick. The adder bites you but does no damage.
You feel sick. The adder barely misses you.
You feel sick. The adder bites you but does no damage. The adder misses you.
You feel sick.
You are no longer poisoned.
The adder closely misses you. The adder bites you but does no damage.
The adder barely misses you. The adder misses you. The adder bites you.
* * * LOW HITPOINT WARNING * * *
The adder bites you.
You die...

#....#.#.#.....#
#....#.#.#...###
#....#.#†#...#
#............#
#####.<......#
.#######.......)#
................#
#.##########....#
####@# #S# #Z#
#.. #.. #... #...
#....


You could see an adder and an adder skeleton.

Vanquished Creatures
  2 worms (D:2)
  A giant cockroach (D:2)
  A goblin (D:2)
  A hobgoblin (D:1)
  6 jackals (D:1)
  A quokka (D:1)
  4 ball pythons
  3 frilled lizards (D:2)
  2 kobolds
  A rat (D:1)
22 creatures vanquished.

Notes
Turn   | Place    | Note
-------+----------+-------------------------------------------
     0 | D:1      | Host24 the Human Hunter began the quest for the Orb.
     0 | D:1      | Reached XP level 1. HP: 16/16 MP: 1/1
   728 | D:1      | Reached XP level 2. HP: 22/22 MP: 2/2
  1584 | D:2      | Reached XP level 3. HP: 27/27 MP: 3/3
  1755 | D:2      | Found a faded altar of an unknown god.
  1872 | D:2      | Reached skill level 5 in Crossbows
  2040 | D:3      | HP: 1/27 [adder (1)]
  2041 | D:3      | Slain by an adder

Illustrated notes

Levels and vault maps discovered:
D:1:      minmay_arrival_four_loops, layout_basic
D:2:      layout_rooms, shapermc_ecumenical_altar_mp_urbaneastern
D:3:      minmay_inner_zag, layout_basic, uniq_ijyb

Skill      XL: |  1  2  3 |
---------------+----------+-----
Crossbows      | 5 |  5.0
Fighting       | |  2.0
Dodging        | |  2.0
Stealth        | |  1.0

Action                   || total
-------------------------++-------
Melee: Short sword       ||    88
       Punch             ||     2
 Fire: Hand crossbow     ||    14
Armor: Leather armour    ||    45
Dodge: Dodged            ||    75
